 Dungeon Crawl Stone Soup version 0.29.0-7-g18a832c13a (webtiles) character file.

Game seed: 18404874757294953554

70 Ijustatesigmund the Trooper (level 4, -5/30 HPs)
             Began as a Gargoyle Fighter on Aug 30, 2022.
             Slain by Sigmund
             ... wielding a +0 scythe
              (9 damage)
             ... on level 4 of the Dungeon.
             The game lasted 00:02:35 (2039 turns).

Ijustatesigmund the Trooper (Gargoyle Fighter)      Turns: 2039, Time: 00:02:35

Health: -5/30      AC: 10    Str: 19 (21) XL:     4   Next: 22%
Magic:  4/4        EV:  9    Int:  6 (9)  God:
Gold:   79         SH:  5    Dex: 14 (15) Spells: 3/3 levels left

rFire   . . .      SeeInvis .   a - +0 flail
rCold   . . .      Faith    .   c - +0 buckler
rNeg    + . .      Spirit   .   b - +0 scale mail
rPois   ∞          Reflect  .   (no helmet)
rElec   +          Harm     .   (no cloak)
rCorr   +          Rampage  .   (no gloves)
Will    .....                   (no boots)
Stlth   ..........              (no amulet)
HPRegen 0.10/turn               e - +6 ring of dexterity
MPRegen 0.09/turn               f - ring of resist corrosion

@: mighty
A: sickness immunity, AC +3, negative energy resistance 1, electricity
resistance, torment resistance 1, petrification resistance
a: no special abilities


You were on level 4 of the Dungeon.
You visited 1 branch of the dungeon, and saw 3 of its levels.

You collected 79 gold pieces.

Inventory:

Hand Weapons
 a - a +0 flail (weapon)
Armour
 b - a +0 scale mail (worn)
 c - a +0 buckler (worn)
Jewellery
 e - a +6 ring of dexterity (left hand)
 f - a ring of resist corrosion (right hand)
 j - a ring of fire
 l - a ring of willpower
Potions
 d - a potion of might
 h - a potion of attraction {unknown}
 i - a potion of resistance {unknown}
 k - a potion of flight {unknown}
 m - a potion of curing {unknown}


   Skills:
 + Level 4.5 Fighting
 + Level 3.3 Maces & Flails
 - Level 3.2 Armour
 - Level 3.2 Shields


You had 3 spell levels left.
You didn't know any spells.
Your spell library was empty.

Dungeon Overview and Level Annotations

Branches:
Dungeon (2/15)

Altars:
Ashenzari

Shops:
D:4 [

Annotations:
D:4 Sigmund


Innate Abilities, Weirdness & Mutations

You are immune to sickness and miasma.
Your stone body is resilient. (AC +3)
You are immune to poison.
You resist negative energy. (rN+)
You are resistant to electric shocks. (rElec)
You are resistant to unholy torment.
You are immune to petrification.


Message History

The hobgoblin closely misses you.
You closely miss the hobgoblin.
The hobgoblin is almost dead.
The hobgoblin barely misses you. x2; Something hits you.
You completely miss the hobgoblin.
The hobgoblin is almost dead.
You block the hobgoblin's attack. You block something's attack.
You hit the hobgoblin but do no damage.
The hobgoblin is almost dead.
You block the hobgoblin's attack.
You closely miss the hobgoblin.
The hobgoblin is almost dead.
Something hits you but does no damage.
The hobgoblin hits you but does no damage. x2
You closely miss the hobgoblin.
The hobgoblin is almost dead.
Something hits you!
The hobgoblin hits you but does no damage.
You barely miss the hobgoblin.
The hobgoblin is almost dead.
Something hits you but does no damage.
The hobgoblin hits you but does no damage.
You sock the hobgoblin!
You kill the hobgoblin!
You hear some strange, mumbled words.
A puff of flame appears from out of thin air!
The puff of flame misses you.
Unknown command.
You aren't carrying any scrolls.
You feel very mighty all of a sudden. Something hits you but does no damage.
You miss something. Something hits you! The adder closely misses you.
You miss something. Something hits you.
* * * LOW HITPOINT WARNING * * *
The adder bites you but does no damage.
It was a potion of degeneration.
There was something very wrong with that liquid.
You feel weakened.
You feel dopey.
You feel clumsy. You block the adder's attack. Something hits you!
You die...

#.# ##.# ..# ### #.#
#...# ##.####..#
#.)......# ##
##..!#...##
#..##....#....##
#..{@..#.......#####
.....#S........[......#
.........#.∩..........#
. .......####........##
##.#...## #........#
...#.... ###.....## #..
..$.. #..#### ##
###+###+####.##
.......#..##.#


You could see an adder.

Vanquished Creatures
  A worm (D:2)
  A dart slug (D:1)
  5 endoplasms
  3 giant cockroaches
  3 hobgoblins
  11 jackals (D:1)
  7 kobolds
  3 quokkas
  7 ball pythons
  5 bats
  4 frilled lizards
  4 goblins
  5 rats
59 creatures vanquished.

Notes
Turn   | Place    | Note
-------+----------+-------------------------------------------
     0 | D:1      | Ijustatesigmund the Gargoyle Fighter began the quest for
                  | the Orb.
     0 | D:1      | Reached XP level 1. HP: 14/14 MP: 1/1
   123 | D:1      | Reached XP level 2. HP: 19/19 MP: 2/2
   750 | D:1      | Reached XP level 3. HP: 24/24 MP: 3/3
   755 | D:1      | Reached skill level 4 in Fighting
  1773 | D:2      | Reached XP level 4. HP: 26/30 MP: 4/4
  1973 | D:2      | You fall into a shaft and drop 2 floors!
  1977 | D:4      | Found a broken altar of Ashenzari.
  2005 | D:4      | Found Ochuel's Antique Armour Boutique.
  2024 | D:4      | Noticed Sigmund
  2039 | D:4      | Slain by Sigmund

Illustrated notes

Levels and vault maps discovered:
D:1:      minmay_arrival_arboretum_small, layout_basic
D:2:      layout_rooms
D:4:      layout_cave_pools, led_sif_book, mainiacjoe_overflow_24_doors,
          overflow_temple_1_default, minmay_temple_entry_junction, serial_shops,
          shop, feat_on_display, uniq_crazy_yiuf_cottage, uniq_edmund,
          uniq_sigmund

Skill      XL: |  1  2  3 |
---------------+----------+-----
Fighting       | 4 |  4.5
Maces & Flails | 3 |  3.3
Armour         | |  3.2
Shields        | |  3.2

Action                   |  1- 3 |  4- 6 || total
-------------------------+-------+-------++-------
Melee: Flail             |   134 |    44 ||   178
  Use: Potion            |       |     2 ||     2
Armor: Scale mail        |    85 |    26 ||   111
Dodge: Dodged            |    84 |    20 ||   104
Block: Buckler           |    40 |    14 ||    54
